[Event "*** Titled Tuesday Blitz"]
[Site "Chess.com"]
[Date "2019.07.02"]
[Round "10"]
[White "SanchezKelvin"]
[Black "Walter_White_Poland"]
[Result "0-1"]
[WhiteElo "2400"]
[BlackElo "2330"]
[TimeControl "180+2"]
[EndTime "15:12:38 PDT"]
[Termination "Walter_White_Poland won by checkmate"]

1. d4 d5 2. c4 e6 3. Nf3 Nf6 4. Nc3 Be7 5. Bg5 O-O 6. e3 Nbd7 7. Qc2 b6 8. cxd5 exd5 9. Bd3 c5 10. O-O-O c4 11.
Bf5 b5 12. Nxb5 Rb8 13. Nc3 Qa5 14. Qa4 Qc7 15. Bf4 Bd6 16. Nb5 Rxb5 17. Qxb5 Bxf4 18. g4 Bd6 19. h4 Nb6 20. Bxc8 Rxc8 21. Rdg1 c3 22. b3 c2 23. Qa5 Qe7 24. Kb2 Bb4 25. Qa6 Bc3+ 26. Kc1 Ne4 27. Rg2 Qb4 28. Kxc2 Bxd4+ 29.
Kd1 Qc3 30. Re1 Qc2# 0-1

[Event "*** Titled Tuesday Blitz"]
[Site "Chess.com"]
[Date "2019.07.02"]
[Round "10"]
[White "Bryakin_Mikhail"]
[Black "DanielNaroditsky"]
[Result "0-1"]
[WhiteElo "2686"]
[BlackElo "3010"]
[TimeControl "180+2"]
[EndTime "15:12:43 PDT"]
[Termination "DanielNaroditsky won by resignation"]

1. d4 Nf6 2. c4 g6 3. Nc3 Bg7 4. e4 d6 5. h3 O-O 6. Be3 a5 7. Nf3 Na6 8. Bd3 e5 9. d5 Nh5 10. O-O Nf4 11. Kh2 Nxd3 12. Qxd3 f5 13. b3 f4 14. Bd2 g5 15. Ng1 g4 16. hxg4 Bxg4 17.
Nh3 Nc5 18. Qc2 Qh4 19. Rh1 f3 20. Bg5 Qh5 21. Qd2 h6 22. Be3 Rf6 23. Bxc5 Rg6 24. Kg1 Bxh3 25. g3 dxc5 26. Qe3 Rf8 27. Nd1 Rg5 28.
Rh2 Bg2 0-1

[Event "*** Titled Tuesday Blitz"]
[Site "Chess.com"]
[Date "2019.07.02"]
[Round "10"]
[White "Alopekos"]
[Black "kosya4ok"]
[Result "0-1"]
[WhiteElo "2481"]
[BlackElo "2746"]
[TimeControl "180+2"]
[EndTime "15:12:45 PDT"]
[Termination "kosya4ok won by resignation"]

1. e4 c5 2. Nf3 e6 3. d4 cxd4 4. Nxd4 Nc6 5. Nc3 Qc7 6. Be3 a6 7. Be2 Nf6 8. O-O Be7 9. f4 d6 10. Kh1 O-O 11. Qe1 Nxd4 12. Bxd4 Nd7 13. Qg3 Bf6 14. Rad1 b5 15. f5 Ne5 16. fxe6 fxe6 17. a3 Bd7 18. Rf2 Bc6 19. Rdf1 Qe7 20. Be3 Rab8 21. h3 a5 22. Kh2 b4 23. axb4 axb4 24.
Nd1 Bxe4 25. Rxf6 Rxf6 26. Bg5 Bf5 27. Ne3 Bg6 28. Bxf6 gxf6 29. Qh4 Kg7 30. Rf4 d5 31. Qf2 Rf8 32. h4 Be4 33. h5 Kh8 34. Qh4 Qg7 35.
h6 Qg6 36. Bh5 Qxh6 37. g3 f5 38. Qe7 Qxh5+ 39. Rh4 Qf7 40. Rxh7+ Kxh7 0-1

[Event "*** Titled Tuesday Blitz"]
[Site "Chess.com"]
[Date "2019.07.02"]
[Round "10"]
[White "jk13"]
[Black "tigra"]
[Result "1-0"]
[WhiteElo "2610"]
[BlackElo "2709"]
[TimeControl "180+2"]
[EndTime "15:12:48 PDT"]
[Termination "jk13 won by resignation"]

1. e4 g6 2. d4 Bg7 3. Nc3 d6 4. Nf3 a6 5. a4 b6 6. Be3 Bb7 7. h3 e6 8. Bd3 Ne7 9. O-O O-O 10. Qd2 Nd7 11. Bh6 c5 12. Bxg7 Kxg7 13. Be2 Qc7 14. Rad1 Rfd8 15. Qg5 Ng8 16. Qg3 Ngf6 17. e5 dxe5 18.
dxe5 Nh5 19. Qg5 h6 20. Qe3 g5 21. Nxg5 Qxe5 22. Rxd7 Qxg5 23. Qxg5+ hxg5 24. Rxb7 Nf4 25. Bf3 Rd2 26. Ne4 Rxc2 27. Nxg5 Kg6 28. Be4+ Kxg5 29.
Bxc2 Kf6 30. Rxb6 Rg8 31. g3 Nxh3+ 32. Kh2 Rh8 33. Kg2 Ng5 34. f4 Nh7 35. Rh1 Rg8 1-0

[Event "*** Titled Tuesday Blitz"]
[Site "Chess.com"]
[Date "2019.07.02"]
[Round "10"]
[White "Mazanchenko_Dmitry"]
[Black "Bad4life"]
[Result "0-1"]
[WhiteElo "2198"]
[BlackElo "2350"]
[TimeControl "180+2"]
[EndTime "15:12:48 PDT"]
[Termination "Bad4life won on time"]

1. d4 Nf6 2. Nf3 e6 3. Nbd2 c5 4. c3 b6 5. e4 d5 6. e5 Nfd7 7. Bd3 Ba6 8. Bc2 Qc8 9. a4 Nc6 10. a5 cxd4 11. cxd4 Nxa5 12. b4 Bxb4 13. Ba3 Qc3 14.
Bxb4 Qxb4 15. Ba4 Rc8 16. Rb1 Qc3 17. Bxd7+ Kxd7 18. Ng1 Qxd4 19. Ne2 Qxe5 20. Nf3 Qxe2+ 21. Qxe2 Bxe2 22. Kxe2 Rc2+ 23. Ke3 Rhc8 24. Nd4 R8c3+ 25. Kf4 Rc4 26. Rhd1 Nc6 0-1

[Event "*** Titled Tuesday Blitz"]
[Site "Chess.com"]
[Date "2019.07.02"]
[Round "10"]
[White "Th3ChessViking"]
[Black "IveBeenThroughPain"]
[Result "0-1"]
[WhiteElo "2459"]
[BlackElo "2319"]
[TimeControl "180+2"]
[EndTime "15:12:52 PDT"]
[Termination "IveBeenThroughPain won by checkmate"]

1. b4 a5 2. b5 c6 3. a4 e5 4. Bb2 d6 5. Nf3 Nf6 6. e3 Be7 7. d4 O-O 8. dxe5 dxe5 9. Qxd8 Rxd8 10. Nxe5 Bb4+ 11. c3 Bc5 12. Bc4 Be6 13. Bxe6 fxe6 14. Nd2 cxb5 15. axb5 Nbd7 16. Nec4 b6 17. Ke2 Nd5 18. g3 N7f6 19. e4 Nc7 20. h3 Nxb5 21. Rab1 a4 22. Ba1 Nc7 23. Nxb6 Rxd2+ 24. Kxd2 Rd8+ 25.
Kc2 Nxe4 26. Nxa4 Bxf2 27. Rhd1 Ra8 28. Rb7 Nd5 29. Kb3 Rxa4 30. Rxd5 Ra8 31. Rdd7 Nc5+ 32. Kb2 Nxd7 33. Rxd7 Bxg3 34. Kb1 Be5 35. Re7 Ra6 36. Bb2 Bf6 37. Rb7 e5 38. Kc2 Rd6 39. c4 e4 40. Ba3 Rd3 41. Bb4 Rxh3 42. c5 Rh2+ 43. Kd1 e3 44. Be1 Ra2 45. c6 Bg5 46. Bc3 e2+ 47. Ke1 Bh4# 0-1

[Event "*** Titled Tuesday Blitz"]
[Site "Chess.com"]
[Date "2019.07.02"]
[Round "10"]
[White "AlexanderKing"]
[Black "Daniel-2003"]
[Result "1-0"]
[WhiteElo "2520"]
[BlackElo "2314"]
[TimeControl "180+2"]
[EndTime "15:12:56 PDT"]
[Termination "AlexanderKing won by checkmate"]

1. d4 Nf6 2. c4 e6 3. Nc3 Bb4 4. e3 b6 5. Ne2 Ba6 6. a3 Be7 7. Nf4 O-O 8. e4 d6 9. Be3 e5 10. Nfd5 exd4 11. Bxd4 Nc6 12. Be3 Ne5 13. b3 Nxd5 14.
Nxd5 c6 15. Nxe7+ Qxe7 16. Be2 Rad8 17. O-O d5 18. exd5 cxd5 19. cxd5 Bxe2 20. Qxe2 Rxd5 21.
Rfd1 Rfd8 22. Rxd5 Rd6 23. Rxd6 Qxd6 24. Rd1 Qc7 25.
Bxb6 Qxb6 26. Qxe5 h6 27. Qe8+ Kh7 28. Qxf7 Qc5 29.
g4 h5 30. Qxh5+ Qxh5 31. gxh5 Kh6 32. Rd7 Kxh5 33. Rxg7 Kh4 34. Kg2 a5 35. Kf3 Kh3 36.
Rh7# 1-0

[Event "*** Titled Tuesday Blitz"]
[Site "Chess.com"]
[Date "2019.07.02"]
[Round "10"]
[White "MikeSailer"]
[Black "Spring199"]
[Result "0-1"]
[WhiteElo "2062"]
[BlackElo "2191"]
[TimeControl "180+2"]
[EndTime "15:12:56 PDT"]
[Termination "Spring199 won by resignation"]

1. b4 e5 2. Bb2 d6 3. e3 Nf6 4.
Nf3 Be7 5. Be2 O-O 6. c4 b6 7.
O-O Bb7 8. a4 c5 9. b5 Nbd7 10.
a5 Rc8 11. axb6 axb6 12. Ra7 Rb8 13. Qa4 Re8 14. Nc3 Nf8 15. d3 e4 16. Nxe4 Nxe4 17. dxe4 Bxe4 18. Qa1 f6 19. Nd2 Bb7 20. Bg4 Ng6 21. Be6+ Kh8 22. Bf7 Rf8 23. Bd5 Bxd5 24. cxd5 Ra8 25. Nc4 Rb8 26. Qa6 Ne5 27. Bxe5 fxe5 28.
Nxb6 Rxb6 29. Qa4 Bg5 30. Qg4 Qf6 31. Qd7 Bxe3 32. Qc7 Rxb5 33. Kh1 Rb2 34. h3 Rxf2 35. Rb1 Rf1+ 36. Rxf1 Qxf1+ 37. Kh2 Bf4+ 38. g3 Qf2+ 39. Kh1 Qf3+ 40. Kg1 Qxg3+ 0-1

[Event "*** Titled Tuesday Blitz"]
[Site "Chess.com"]
[Date "2019.07.02"]
[Round "10"]
[White "Er_is_geen_hoop_meer"]
[Black "Etoilegeniale"]
[Result "0-1"]
[WhiteElo "2340"]
[BlackElo "2525"]
[TimeControl "180+2"]
[EndTime "15:13:00 PDT"]
[Termination "Etoilegeniale won by checkmate"]

1. b4 d5 2. Bb2 Nf6 3. e3 Bf5 4. Be2 e6 5. a3 c5 6. b5 Bd6 7. g4 Bg6 8. h4 h6 9. Nh3 Nbd7 10. c4 e5 11. cxd5 Nxd5 12. Qb3 N7b6 13. a4 c4 14. Bxc4 Nxc4 15. Qxc4 Nb4 16. Bc3 Rc8 17. Qb3 Bc2 18.
Qxb4 Bxb4 19. Bxb4 Qd5 20. Rh2 Bd3 21. Nc3 Qf3 22. Ra2 Qxg4 23. Rb2 e4 24. h5 f5 25. Bd6 Kf7 26. Bg3 Rhd8 27. Nf4 Rxc3 28. dxc3 Bc2 29. Kf1 Qf3 30. Ng2 Rd1+ 31. Ne1 Bd3+ 32.
Kg1 Rxe1# 0-1

[Event "*** Titled Tuesday Blitz"]
[Site "Chess.com"]
[Date "2019.07.02"]
[Round "10"]
[White "nitpicker"]
[Black "Samantha_Ross"]
[Result "1-0"]
[WhiteElo "2239"]
[BlackElo "2026"]
[TimeControl "180+2"]
[EndTime "15:13:06 PDT"]
[Termination "nitpicker won by checkmate"]

1. e4 c5 2. b4 cxb4 3. a3 d5 4. exd5 Qxd5 5. Nf3 Nf6 6. c4 bxc3 7. Nxc3 Qa5 8. Bc4 Bg4 9. O-O e6 10. Rb1 Qc7 11. Qb3 Bxf3 12. gxf3 b6 13. Re1 Be7 14.
Nb5 Qd7 15. Bb2 O-O 16. Rxe6 fxe6 17. Bxe6+ Qxe6 18. Qxe6+ Kh8 19. Nc7 Nbd7 20. Nxa8 Rxa8 21. Qxe7 Re8 22. Bxf6 Rxe7 23. Bxe7 Kg8 24. Re1 Kf7 25. Bb4 Nf6 26. Re7+ Kg6 27. Rxa7 Kf5 28. Rxg7 Nd5 29. Rxh7 Kg6 30. Rd7 Nf4 31. Rd6+ Kf5 32. Rxb6 Ne2+ 33.
Kf1 Nf4 34. a4 Nd3 35. a5 Kf4 36. Ke2 Nc1+ 37. Kd1 Nd3 38. a6 Kxf3 39. a7 Kg2 40. a8=Q+ Kf1 41. Qa6 Kg2 42. Qxd3 Kh1 43. Qf1+ Kxh2 44.
Bd6# 1-0

[Event "*** Titled Tuesday Blitz"]
[Site "Chess.com"]
[Date "2019.07.02"]
[Round "10"]
[White "JuliaEfremova"]
[Black "SergeiAza"]
[Result "0-1"]
[WhiteElo "2011"]
[BlackElo "2802"]
[TimeControl "180+2"]
[EndTime "15:13:10 PDT"]
[Termination "SergeiAza won by resignation"]

1. d4 Nf6 2. Bf4 g6 3. Qd2 c5 4.
Nc3 cxd4 5. Qxd4 Nc6 6. Qd2 Bg7 7. O-O-O h5 8. f3 d6 9. e4 Be6 10. Kb1 Rc8 11. Nh3 Bxh3 12. gxh3 O-O 13. Bh6 Bxh6 14. Qxh6 Ne5 15. Nd5 Nxd5 16. exd5 Qb6 17. f4 Qe3 18. Bd3 Nxd3 19. Rxd3 Qe2 20. Rc1 Rxc2 21. Rxc2 Qxd3 22. Kc1 Qxd5 23. b3 Qf5 24. h4 Rc8 25. Rxc8+ Qxc8+ 26.
Kb2 Qf5 27. Kc1 d5 28. Kd2 a5 29. a3 b5 30. Kc3 e6 31. Kd4 Qf6+ 32. Kc5 Qc3+ 33. Kxb5 Qxb3+ 34. Kxa5 Qxa3+ 35. Kb5 Qe7 36. Ka4 Qxh4 37. Kb4 Qxh2 38. Kc5 Qc2+ 39. Kd4 Qf5 40. Kc5 Qf6 41. Kb4 Qd4+ 42. Kb3 Qe3+ 43. Kc2 d4 44. Qg5 d3+ 45. Kb3 d2+ 46. Kc2 Qe2 47. Qd8+ Kh7 0-1

[Event "*** Titled Tuesday Blitz"]
[Site "Chess.com"]
[Date "2019.07.02"]
[Round "10"]
[White "ChainsOfFantasia"]
[Black "Alex_Terzi"]
[Result "0-1"]
[WhiteElo "2442"]
[BlackElo "2473"]
[TimeControl "180+2"]
[EndTime "15:13:11 PDT"]
[Termination "Alex_Terzi won by checkmate"]

1. d4 d5 2. Nf3 Nf6 3. Bf4 e6 4. e3 Bd6 5. Bg3 c5 6. c3 O-O 7. Nbd2 Qc7 8. Bd3 Nbd7 9. Ne5 Nxe5 10. dxe5 Bxe5 11. Qf3 b6 12. O-O-O Bb7 13. e4 dxe4 14. Nxe4 Bxe4 15. Bxe4 Rad8 16. Bc2 Rxd1+ 17. Rxd1 Bxg3 18. hxg3 Rd8 19. Rxd8+ Qxd8 20. Qb7 a5 21. a4 g6 22. Kb1 Kg7 23. Bb3 Qd6 24. Ka2 h6 25. f3 Nd5 26.
g4 Nf4 27. g3 Nd3 28. Bc2 Ne5 29. Be4 Nc4 30. Qa6 Nd2 31. Ba8 c4 32. f4 Qd3 33.
Be4 Qxe4 34. Qxb6 Qb1+ 35. Ka3 Qa1# 0-1

[Event "*** Titled Tuesday Blitz"]
[Site "Chess.com"]
[Date "2019.07.02"]
[Round "10"]
[White "Squirlolz"]
[Black "Kubas1010"]
[Result "0-1"]
[WhiteElo "2500"]
[BlackElo "2624"]
[TimeControl "180+2"]
[EndTime "15:13:16 PDT"]
[Termination "Kubas1010 won by resignation"]

1. Nf3 d5 2. c4 e6 3. e3 Nf6 4.
b3 Be7 5. Bb2 O-O 6. Nc3 c5 7.
cxd5 exd5 8. d4 Nc6 9. Be2 Bg4 10. dxc5 Bxc5 11. O-O Qe7 12. Na4 Ba3 13. h3 Bxb2 14.
Nxb2 Bxf3 15. Bxf3 Rfd8 16. Rc1 Rac8 17. Nd3 Ne4 18. Re1 Qf6 19. Nf4 Nc3 20. Qd2 d4 21.
exd4 Nxd4 22. Rxc3 Nxf3+ 23. gxf3 Qxc3 24. Qxc3 Rxc3 25. Re7 Rb8 26. Kg2 Rc2 27. a4 Rc3 28. b4 Rc4 29. Nd3 a5 30. bxa5 Rxa4 31. Nc5 Rxa5 32. Nxb7 Ra7 33. Nd8 Rxe7 34. Nc6 Ree8 0-1

[Event "*** Titled Tuesday Blitz"]
[Site "Chess.com"]
[Date "2019.07.02"]
[Round "10"]
[White "bluejay1897"]
[Black "Perecke"]
[Result "1-0"]
[WhiteElo "2236"]
[BlackElo "2031"]
[TimeControl "180+2"]
[EndTime "15:13:17 PDT"]
[Termination "bluejay1897 won by resignation"]

1. Nf3 d5 2. g3 Nf6 3. Bg2 g6 4. b3 Bg7 5. Bb2 O-O 6. O-O c5 7. d4 cxd4 8. Nxd4 Nc6 9. Nd2 e5 10. Nxc6 bxc6 11. Bxe5 Re8 12. Bd4 Bf5 13. e3 Rc8 14. c4 c5 15. Bb2 Ne4 16. Bxg7 Kxg7 17. cxd5 Nc3 18. Qe1 Bd3 19. Nc4 Nb5 20. e4 Bxf1 21.
Qxf1 Nd4 22. e5 f6 23. f4 fxe5 24. fxe5 Qg5 25. Qd3 Rxe5 26. Nxe5 Qxe5 27. Rf1 Re8 28. Qc4 Qe3+ 29. Kh1 Ne2 30. d6 Rf8 31. Rd1 Rf5 32. d7 Rh5 33. Qxe2 Qxe2 34. d8=Q Re5 35. Rf1 Rf5 36.
Rxf5 gxf5 37. Qg5+ Kh8 38. Qf6+ Kg8 39. Bd5+ 1-0

[Event "*** Titled Tuesday Blitz"]
[Site "Chess.com"]
[Date "2019.07.02"]
[Round "10"]
[White "Caisachess"]
[Black "Palacios-LLera"]
[Result "0-1"]
[WhiteElo "2377"]
[BlackElo "2416"]
[TimeControl "180+2"]
[EndTime "15:13:19 PDT"]
[Termination "Palacios-LLera won by resignation"]

1. e4 c5 2. c3 e6 3. d4 d5 4.
exd5 exd5 5. Nf3 Nc6 6. Bb5 Bd6 7. dxc5 Bxc5 8. O-O Ne7 9. Nbd2 O-O 10. Nb3 Bb6 11.
Nbd4 Bc7 12. Bd3 a6 13. Bc2 Qd6 14. Qd3 Ng6 15. g3 Bh3 16. Bf4 Qd7 17. Bxc7 Bxf1 18. Rxf1 Qxc7 19. h4 Rfe8 20. h5 Nf8 21. Qf5 Qd7 22. Qg5 h6 23. Qf4 Nxd4 24. Nxd4 Ne6 25. Qf5 Nf8 26. Qf4 Rad8 27. Rd1 Qd6 28. Qf5 Re5 29.
Qf3 Qe7 30. Kg2 Qg5 31. Nf5 Ne6 32. Rh1 Qf6 33. Rh4 Ng5 34. Qd3 Re4 35. g4 Ne6 36.
Qf3 Rf4 37. Qe3 Rxf5 38. Bxf5 Qxh4 39. Bxe6 fxe6 40. Qxe6+ Kh8 41. Kf1 Qf6 42. Qe3 d4 43. cxd4 Qxd4 0-1

[Event "*** Titled Tuesday Blitz"]
[Site "Chess.com"]
[Date "2019.07.02"]
[Round "10"]
[White "LarissaSteenbekkers"]
[Black "HanSchut"]
[Result "0-1"]
[WhiteElo "1972"]
[BlackElo "2207"]
[TimeControl "180+2"]
[EndTime "15:13:25 PDT"]
[Termination "HanSchut won on time"]

1. e4 c5 2. Nc3 Nc6 3. f4 g6 4.
Bb5 Nd4 5. Nf3 Nxb5 6. Nxb5 a6 7. Nc3 Bg7 8. O-O e6 9. f5 exf5 10. exf5 d5 11. fxg6 hxg6 12. d3 Qd6 13. Bg5 Be6 14.
Qd2 Ne7 15. Bf4 Qd7 16. Ne5 Bxe5 17. Bxe5 O-O-O 18. d4 Rh5 19. b3 Nc6 20. Bf6 Nxd4 21. Bxd4 cxd4 22. Qxd4 Rdh8 23. Qf4 Rxh2 24. Qxh2 Rxh2 25.
Kxh2 Qc7+ 26. Kg1 Qxc3 0-1

[Event "*** Titled Tuesday Blitz"]
[Site "Chess.com"]
[Date "2019.07.02"]
[Round "10"]
[White "nubair1198"]
[Black "PIwan"]
[Result "1-0"]
[WhiteElo "2643"]
[BlackElo "2472"]
[TimeControl "180+2"]
[EndTime "15:13:28 PDT"]
[Termination "nubair1198 won by resignation"]

1. Nf3 d5 2. d4 Nf6 3. c4 dxc4 4. e3 b5 5. a4 b4 6. Bxc4 e6 7. O-O Bb7 8. a5 a6 9. Qe2 Nbd7 10. Rd1 c5 11. b3 Qc7 12. Bb2 Be7 13. Nbd2 O-O 14. h3 Nd5 15. Ne4 cxd4 16. Rxd4 Nc5 17. Nxc5 Bxc5 18. Rg4 Nc3 19. Qc2 f5 20. Bxe6+ Kh8 21. Bxf5 Bd6 22. Bxh7 Rxf3 23. gxf3 Bxf3 24. Rc4 Bh2+ 25.
Kf1 Qd7 26. Bf5 Qd5 27. Rh4+ Kg8 28. Bh7+ Kf8 29. Qf5+ Qxf5 30. Bxf5 Kf7 31. Rxb4 Nd1 32. Rxd1 Bxd1 33. Rb7+ Ke8 34. f4 Rd8 35. Bg6+ Kf8 36. Bxg7+ Kg8 37. Bd4 Bxb3 38. Bh7+ Kf8 39. Bc5+ Ke8 40.
Bg6+ 1-0

[Event "*** Titled Tuesday Blitz"]
[Site "Chess.com"]
[Date "2019.07.02"]
[Round "10"]
[White "sergeikim"]
[Black "CMS13"]
[Result "1-0"]
[WhiteElo "2465"]
[BlackElo "2013"]
[TimeControl "180+2"]
[EndTime "15:13:31 PDT"]
[Termination "sergeikim won by resignation"]

1. d4 d5 2. c4 e6 3. Nc3 Bb4 4.
Nf3 Nf6 5. Bg5 h6 6. Bh4 g5 7. Bg3 Ne4 8. Qd3 Nc6 9. a3 Bxc3+ 10. bxc3 h5 11. h4 g4 12. Ng5 Nxg5 13. hxg5 Qxg5 14.
Bxc7 Bd7 15. e4 dxe4 16. Qxe4 Rc8 17. Bd6 Qf5 18. Qxf5 exf5 19. Rb1 b6 20. c5 bxc5 21. Bxc5 f6 22. Ba6 Rc7 23. d5 Ne5 24. Rb8+ Kf7 25.
Rxh8 Rxc5 26. c4 Nxc4 27. Bxc4 Rxc4 28. Rh7+ Kg6 29. R1xh5 Bb5 30. R5h6+ Kg5 31. Rh5+ Kg6 32. R7h6+ Kg7 33. Kd2 Rd4+ 34. Kc3 Rxd5 35. Rh8 Re5 36. R5h7+ Kg6 37. Rxa7 Re2 38. g3 Rxf2 39. Rg8+ Kh6 40. Rh8+ Kg6 41. Rg8+ Kh6 42. Kb4 Bd3 43. Rf7 f4 44.
Rxf6+ Kh7 45. Rxg4 fxg3 46. Rd6 Rf3 47. Rd5 Bg6 48.
Rdg5 Kh6 49. Rxg6+ Kh5 50. Rxg3 Rf4+ 1-0

[Event "*** Titled Tuesday Blitz"]
[Site "Chess.com"]
[Date "2019.07.02"]
[Round "10"]
[White "NemtsevIgor"]
[Black "vova-79"]
[Result "0-1"]
[WhiteElo "2290"]
[BlackElo "2409"]
[TimeControl "180+2"]
[EndTime "15:13:36 PDT"]
[Termination "vova-79 won by checkmate"]

1. d4 d5 2. e4 c6 3. Be3 dxe4 4. f3 Bf5 5. Nc3 Nf6 6. g4 Bg6 7. h4 h5 8. g5 Nd5 9. Qd2 e6 10. fxe4 Nxc3 11. bxc3 Bxe4 12. Rh2 Bd6 13. Rh3 Bf5 14. Rf3 Bg4 15. g6 Bxf3 16. gxf7+ Kxf7 17. Nxf3 Bg3+ 18. Kd1 Nd7 19. Ng5+ Kg8 20. Bc4 Nf8 21. Nxe6 Nxe6 22.
Bxe6+ Kh7 23. Bg5 Qd6 24. Rb1 b5 25. Qe2 g6 26. Kd2 Rhf8 27. Rf1 Rxf1 28. Qxf1 Qxe6 29. Qf3 Be1+ 30. Kd1 Re8 31. Kc1 Qxa2 32. Qxc6 Qa1# 0-1

[Event "*** Titled Tuesday Blitz"]
[Site "Chess.com"]
[Date "2019.07.02"]
[Round "10"]
[White "checkmatequen"]
[Black "Maili15"]
[Result "1-0"]
[WhiteElo "2223"]
[BlackElo "2245"]
[TimeControl "180+2"]
[EndTime "15:13:37 PDT"]
[Termination "checkmatequen won by checkmate"]

1. e4 c5 2. Nf3 d6 3. d4 cxd4 4. Nxd4 Nf6 5. Nc3 a6 6. Bg5 Nbd7 7. Bc4 Qc7 8. Bb3 h6 9. Be3 b5 10. f3 g6 11. Qd2 Bg7 12. O-O-O Bb7 13. h4 Nb6 14. g4 Nc4 15. Bxc4 Qxc4 16. g5 hxg5 17. hxg5 Rxh1 18. Rxh1 Nh5 19. b3 Qc7 20. Nd5 Bxd5 21. exd5 Ng3 22. Rh7 Be5 23. f4 Nf1 24. Qd3 Nxe3 25. Qxe3 Bxd4 26. Qxd4 Rc8 27. Rh8+ Kd7 28. Rxc8 Kxc8 29. Qg7 Qc5 30. Qxf7 Kd8 31. Qxg6 Qe3+ 32. Kb2 Qd4+ 33. c3 Qd2+ 34. Qc2 Qxf4 35. g6 Qg5 36. Qd3 Kc7 37. Ka3 Qc1+ 38. Kb4 Qg1 39. Qd4 Qxg6 40. Ka5 Qc2 41. Qb6+ Kd7 42. Kxa6 Qxa2+ 43. Kb7 Qxb3 44. Qc6+ Kd8 45. Qc8# 1-0

[Event "*** Titled Tuesday Blitz"]
[Site "Chess.com"]
[Date "2019.07.02"]
[Round "10"]
[White "monalize"]
[Black "Vamostodorecto"]
[Result "1-0"]
[WhiteElo "2337"]
[BlackElo "2379"]
[TimeControl "180+2"]
[EndTime "15:13:39 PDT"]
[Termination "monalize won by resignation"]

1. e4 e5 2. Nf3 Nc6 3. Bb5 a6 4. Ba4 Nf6 5. Bxc6 dxc6 6. O-O Bd6 7. Qe1 c5 8. d3 Bg4 9. Nfd2 Nd7 10. Nc4 O-O 11.
f4 exf4 12. Bxf4 Bxf4 13. Rxf4 Be6 14. Ne3 Ne5 15. Nc3 b5 16. Rd1 b4 17. Ne2 a5 18. b3 a4 19. Qf2 axb3 20. axb3 Ra2 21. h3 Nc6 22. Rf1 Nd4 23. Nxd4 cxd4 24. Nf5 c5 25.
Qd2 Kh8 26. Rg4 g6 27. Qh6 Bxf5 28. exf5 Qe7 29. Kh1 Rfa8 30. Rh4 f6 31. fxg6 Ra1 32. Qxh7+ Qxh7 33. Rxh7+ Kg8 34. Rxa1 Rxa1+ 35. Kh2 Rc1 36. h4 Rxc2 37. h5 Rc3 38. Rc7 Rxd3 39. h6 Re3 40. Rc8+ 1-0

[Event "*** Titled Tuesday Blitz"]
[Site "Chess.com"]
[Date "2019.07.02"]
[Round "10"]
[White "ethylalcohol"]
[Black "DACF2905"]
[Result "1-0"]
[WhiteElo "2121"]
[BlackElo "2218"]
[TimeControl "180+2"]
[EndTime "15:13:46 PDT"]
[Termination "ethylalcohol won by resignation"]

1. d4 Nf6 2. Nf3 c5 3. c3 d5 4.
Bf4 e6 5. e3 Nc6 6. Be2 h6 7.
Nbd2 a6 8. h3 Bd6 9. Ne5 Bxe5 10. dxe5 Nd7 11. Nf3 b5 12. O-O Qc7 13. e4 dxe4 14.
Nd2 f5 15. Bh5+ Ke7 16. f3 g5 17. fxe4 gxf4 18. exf5 Qxe5 19. fxe6 Nf6 20. Bf3 Bb7 21. Re1 Qd6 22. Qc2 Rad8 23. Qg6 Rdf8 24. Qg7+ Ke8 25. Qxb7 Nd8 26. Qc8 Ke7 27. Rad1 c4 28. Kh2 Qb6 29. Ne4 Nxe4 30. Qd7+ Kf6 31. e7 Qb7 32. exd8=Q+ Rxd8 33. Qxb7 Ng5 34. Rxd8 Rxd8 35.
Qb6+ 1-0

[Event "*** Titled Tuesday Blitz"]
[Site "Chess.com"]
[Date "2019.07.02"]
[Round "10"]
[White "temus_galaktionov"]
[Black "AbasovN"]
[Result "1-0"]
[WhiteElo "2557"]
[BlackElo "2851"]
[TimeControl "180+2"]
[EndTime "15:13:47 PDT"]
[Termination "temus_galaktionov won by resignation"]

1. d4 Nf6 2. Nf3 e6 3. c4 d5 4. Nc3 Be7 5. Bf4 O-O 6. e3 b6 7. Bd3 Bb7 8. O-O dxc4 9. Bxc4 Nbd7 10. Nb5 a6 11. Nxc7 Ra7 12. Ng5 b5 13. Bb3 Nd5 14.
Ncxe6 fxe6 15. Nxe6 Qb6 16. Nxf8 Kxf8 17. Bg3 N7f6 18. Rc1 Ra8 19. Qd3 Nb4 20. Qf5 Be4 21.
Rc8+ Bd8 22. Qh3 a5 23. Bc7 Qxc7 24. Rxc7 Bxc7 25. Qe6 Bg6 26. Rc1 Bd8 27. a3 Nd3 28. Rc8 Rxc8 29. Qxc8 Ke8 30. Qc6+ Kf8 31. Qxb5 Nxb2 32.
Ba2 Nd3 33. Bb1 Ne1 34. Bxg6 hxg6 35. Qe2 1-0

[Event "*** Titled Tuesday Blitz"]
[Site "Chess.com"]
[Date "2019.07.02"]
[Round "10"]
[White "irregularity"]
[Black "Kawhi_Leonard2"]
[Result "1-0"]
[WhiteElo "2532"]
[BlackElo "2339"]
[TimeControl "180+2"]
[EndTime "15:13:49 PDT"]
[Termination "irregularity won on time"]

1. Nf3 Nf6 2. b3 d6 3. Bb2 e5 4. e3 Nbd7 5. Na3 g6 6. d4 exd4 7. Nxd4 Bg7 8. Be2 O-O 9. O-O Re8 10. c4 Nc5 11. b4 Ne6 12. Nac2 Nxd4 13. Nxd4 Ne4 14.
Rb1 a5 15. a3 axb4 16. axb4 h5 17. Qc2 c6 18. Bd3 Ng5 19. c5 d5 20. b5 Bd7 21.
Bc3 h4 22. bxc6 bxc6 23. Rb6 h3 24. f4 hxg2 25. Qxg2 Ne4 26. Bxe4 Rxe4 27. f5 Ra3 28. Nxc6 Bxc6 29. Bxg7 Kxg7 30. Rxc6 Raxe3 31. fxg6 f5 32. Rd6 Qe7 33. Rxd5 f4 34. Rf5 1-0

[Event "*** Titled Tuesday Blitz"]
[Site "Chess.com"]
[Date "2019.07.02"]
[Round "10"]
[White "MarcoRiehle"]
[Black "Mikhail_Golubev"]
[Result "1-0"]
[WhiteElo "2711"]
[BlackElo "2562"]
[TimeControl "180+2"]
[EndTime "15:13:50 PDT"]
[Termination "MarcoRiehle won by resignation"]

1. e4 c5 2. a3 Nc6 3. b4 d5 4.
b5 Nd4 5. c3 Ne6 6. exd5 Qxd5 7. Nf3 g5 8. h3 Bg7 9. Be2 Nf4 10. O-O e5 11. d4 e4 12. Ne5 cxd4 13. cxd4 e3 14. Bf3 e2 15. Bxd5 exd1=Q 16. Bxf7+ Ke7 17.
Rxd1 Bxe5 18. Bxg8 Bxd4 19. Bxf4 Bxa1 20. Bd6+ Ke8 21.
Bd5 Bf5 22. Nd2 Bf6 23. Bxb7 Rd8 24. Nc4 Be6 25. Re1 Kf7 26. Ne5+ Kg7 27. Bc7 Rde8 28. Nc6 Bd5 29. Rd1 Be4 30. f3 Bc2 31. Rd7+ Kg6 32. Nxa7 Bf5 33. Rd1 Re7 34. b6 Rhe8 35. Nb5 Re1+ 36. Rxe1 Rxe1+ 37. Kh2 Bd3 38. Be4+ Rxe4 39. fxe4 Bxe4 40. a4 h5 41. a5 g4 42. hxg4 hxg4 43. a6 1-0

[Event "*** Titled Tuesday Blitz"]
[Site "Chess.com"]
[Date "2019.07.02"]
[Round "10"]
[White "dmosesov"]
[Black "chessdjw"]
[Result "0-1"]
[WhiteElo "2526"]
[BlackElo "2717"]
[TimeControl "180+2"]
[EndTime "15:13:51 PDT"]
[Termination "chessdjw won by checkmate"]

1. d4 Nf6 2. c4 e6 3. Nf3 d5 4.
Nc3 Bb4 5. Bg5 h6 6. Bxf6 Qxf6 7.
e3 O-O 8. Rc1 dxc4 9. Bxc4 c5 10. O-O cxd4 11. Ne4 Qe7 12. a3 Ba5 13. Qxd4 Rd8 14.
Qc5 Qxc5 15. Nxc5 Nd7 16. Ne4 Kf8 17. Rfd1 Ke7 18. b4 Bb6 19. Bb5 a6 20. Ba4 a5 21.
Nd6 Nf6 22. Nc4 Rxd1+ 23. Rxd1 Bc7 24. b5 Nd7 25. Bc2 g5 26. h3 f6 27. Nd4 Nb6 28.
Bb3 a4 29. Ba2 Nxc4 30. Bxc4 Bd6 31. Nc2 Bd7 32. Bd3 Rc8 33. Be4 Bxb5 34. Rb1 Bd7 35. Rxb7 Rc3 36. Nd4 Rc1# 0-1

[Event "*** Titled Tuesday Blitz"]
[Site "Chess.com"]
[Date "2019.07.02"]
[Round "10"]
[White "Mbneu"]
[Black "tunadrol"]
[Result "0-1"]
[WhiteElo "2331"]
[BlackElo "2465"]
[TimeControl "180+2"]
[EndTime "15:13:55 PDT"]
[Termination "tunadrol won on time"]

1. d4 Nf6 2. c4 g6 3. Nc3 d5 4. cxd5 Nxd5 5. g3 Bg7 6. Bg2 Nxc3 7. bxc3 O-O 8. e3 c5 9. Ne2 Nc6 10. O-O Qa5 11. a4 Bf5 12. Ba3 cxd4 13. cxd4 Qc7 14. Rc1 Qd7 15. Qb3 Rfe8 16. Qb5 Rac8 17. Rc5 a6 18. Qb6 Bg4 19. Nf4 e5 20. d5 exf4 21.
dxc6 bxc6 22. Bxc6 Qd3 23. Bxe8 Rxe8 24. Qb4 Bh3 25.
Re1 fxe3 26. fxe3 Bf8 27. Qc3 Rxe3 28. Qxd3 Rxd3 29. Bb4 Rb3 0-1